 Dungeon Sprint DCSS version 0.19-a0-97-g21dea92 (webtiles) character file.

60136 Kidiri the Unseen (level 13, -21/68 HPs)
             Began as a Spriggan Enchanter on May 16, 2016.
             Was the Champion of Dithmenos.
             Demolished by a dire elephant (25 damage)
             ... while paralysed
             ... in the Dungeon (Sprint III: "The Ten Rune Challenge").
             The game lasted 00:17:10 (4031 turns).

Kidiri the Unseen (Spriggan Enchanter)              Turns: 4031, Time: 00:17:11

Health: -21/68     AC:  6    Str:  4    XL:     13   Next: 29%
Magic:  12/34      EV:  4    Int: 19    God:    Dithmenos [******]
Gold:   59         SH:  0    Dex: 19    Spells: 7 memorised, 17 levels left

rFire  . . .     SeeInvis +     a - +1 dagger
rCold  . . .     Gourm    .     b - +1 robe
rNeg   . . .     Faith    .     (shield restricted)
rPois  .         Spirit   .     (helmet restricted)
rElec  .         Dismiss  .     k - +1 cloak {MR+}
rCorr  .         Reflect  .     (gloves unavailable)
SustAt .         Harm     .     (boots unavailable)
MR     +++..     Clarity  +     (no amulet)
Stlth  ++++++++++ NoTele   +    (no ring)
                                (no ring)

@: paralysed, exhausted, slowed, wreathed by umbra, very quick, extremely
resistant to hostile enchantments, uncannily stealthy
A: unfitting armour, antennae 1, beak, see invisible, clarity, herbivore 3,
speed 3, slow regeneration 1, slow metabolism 2
a: Shadow Step, Shadow Form, Renounce Religion
}: 2/10 runes: serpentine, barnacled


You were in the Dungeon.
You worshipped Dithmenos.
Dithmenos was exalted by your worship.
You were not hungry.

You visited 1 branch You collected 59 gold pieces.

Inventory:

Hand Weapons
 a - a +1 dagger (weapon)
Missiles
 n - 2 throwing nets (quivered)
Armour
 b - a +1 robe (worn)
 k - a +1 cloak of magic resistance (worn)
Scrolls
 j - a scroll of blinking
 m - a scroll of immolation {unknown}
 o - 3 scrolls of remove curse
 r - a scroll of torment {unknown}
 s - a scroll of amnesia {unknown}
Potions
 e - a potion of curing
 f - a potion of heal wounds
 g - a potion of haste
 h - 2 potions of magic
 i - a potion of might
 q - 2 potions of cure mutation
 u - 2 potions of lignification
 v - a potion of flight
Comestibles
 p - 25 royal jellies
 t - 8 fruits


   Skills:
 + Level 8.2 Fighting
 * Level 14.6 Short Blades
 + Level 7.7 Armour
 * Level 18.7 Dodging
 * Level 20.0 Stealth
 * Level 16.2 Spellcasting
 + Level 7.5 Conjurations
 + Level 12.1 Hexes
 + Level 8.2 Ice Magic
 + Level 8.5 Earth Magic
 - Level 4.0 Invocations


You had 17 spell levels left.
You knew the following spells:

 Your Spells              Type           Power        Failure   Level  Hunger
a - Corona                Hex            ######.      1%          1    None
b - Ensorcelled Hibernat  Hex/Ice        ######       1%          2    None
c - Confuse               Hex            ######..     1%          3    None
d - Tukima's Dance        Hex            ######..     1%          3    None
e - Dazzling Spray        Conj/Hex       ######       1%          3    None
f - Iron Shot             Conj/Erth      #####.....   24%         6    #####..
g - Shatter               Erth           #####.....   100%        9    #######


Dungeon Overview and Level Annotations

Branches:
Dungeon (1/1)

Altars:
Cheibriados
Dithmenos
Elyvilon
Fedhas
Gozag
Kikubaaqudgha
Makhleb
Nemelex Xobeh
Okawaru
Pakellas
Qazlal
Ru
Sif Muna
Trog
Vehumet
Xom
Yredelemnul
Zin
The Shining One
Jiyva
Lugonu

Shops:
D !=[%}[

Annotations:
D exclusion: 2 doors


Innate Abilities, Weirdness & Mutations

You are tiny and cannot use many weapons and most armour.
You have supernaturally acute eyesight.
You are a herbivore.
You cover ground extremely quickly.
You need consume almost no food.
You have a pair of small antennae on your head.
You have a beak for a mouth.
You possess an exceptional clarity of mind.
You regenerate slowly when monsters are visible.


Message History

Your shadow hits the dire elephant but does no damage.
The dire elephant tramples you!!!
* * * LOW HITPOINT WARNING * * *
You emit a cloud of dark smoke.
You stumble backwards!
You hit the dire elephant. You peck the dire elephant!
The dire elephant is almost dead.
You puncture the dire elephant!
The dire elephant is almost dead.
Your shadow hits the dire elephant but does no damage.
You hit the dire elephant.
The dire elephant is almost dead.
The dire elephant misses you.
The dire elephant completely misses you.
You hit the dire elephant but do no damage.
The dire elephant is almost dead.
You are no longer berserk.
You pass out from exhaustion.
You feel yourself slow down. The dire elephant tramples you!!
You die...

#(.# #..#####....#___#__+.
▓▓▓▓▓▓▓▓▓▓▓▓▓▓▓▓▓▓▓▓▓▓▓▓▓▓
▓...+≈≈≈≈≈≈≈≈≈♣♣.....♣♣♣♣≈
▓..P#≈≈≈§§§≈§≈♣♣.≈≈≈≈+♣♣'♣
▓YPP#≈.≈≈§§§≈≈≈'....%#.≈♣♣
▓.YP#≈≈≈≈§§§≈†♣♣♣♣♣♣♣#..♣♣
▓.Y?#≈≈≈≈≈≈.§†♣ ###+♣
▓##'####+#######♣ ♣♣♣♣.#
▓...YY§YY@§.)...♣♣ ♣...##
▓#+#############+♣ ♣♣.##.
..J#≈...........♣ ♣..#.
▓J..+≈≈...########♣♣ ♣♣.##
▓.JJ#≈≈≈..........[♣ ♣♣.##
▓...#≈≈≈≈..........♣ ♣....
#+#############÷##########
▓.%........P ▓≈≈P......P≈


You could see a dire elephant and an elephant.

Vanquished Creatures
  Rupert (D)
  Gastronok (D)
  A kraken (D)
  A greater naga (D)
  Maud (D)
  A naga warrior (D)
  2 hydras (D)
  7 anacondas (D)
  Erolcha (D)
  3 alligator snapping turtles (D)
  4 death yaks (D)
  A spriggan druid (D)
  A death drake (D)
  A lindwurm (D)
  A deep elf mage (D)
  6 black mambas (D)
  A guardian serpent (D)
  2 spiny frogs (D)
  A komodo dragon (D)
  A rime drake (D)
  3 wandering mushrooms (D)
  A queen bee (D)
  2 giant leeches (D)
  8 blink frogs (D)
  3 snapping turtles (D)
  5 redbacks (D)
  A shadow (D)
  2 spriggans (D)
  2 nagas (D)
  2 hill giants (D)
  A spatial vortex (D)
  2 water moccasins (D)
  A necrophage (D)
  A swamp drake (D)
  2 two-headed ogres (D)
  A water elemental (D)
  32 killer bees (D)
  An electric eel (D)
  A jelly (D)
  Crazy Yiuf (D)
  Jessica (D)
  A necromancer (D)
  A wizard (D)
  3 humans (D)
  A kobold demonologist (D)
  5 adders (D)
  An ooze (D)
  2 rats (D)
125 creatures vanquished.

Vanquished Creatures (collateral kills)
  A two-headed ogre (D)
1 creature vanquished.

Vanquished Creatures (others)
  2 draconian scorchers (D)
  3 yaktaurs (D)
  8 plants (D)
  8 tentacles (D)
  91 tentacle segments (D)
112 creatures vanquished.

Grand Total: 238 creatures vanquished

Notes
Turn   | Place    | Note
--------------------------------------------------------------
     0 | D        | Kidiri the Spriggan Enchanter began the quest for the Orb.
     0 | D        | Reached XP level 1. HP: 9/9 MP: 5/5
    41 | D        | Noticed Jessica
    47 | D        | Killed Jessica
    47 | D        | Reached skill level 1 in Fighting
    47 | D        | Reached skill level 1 in Armour
    47 | D        | Reached skill level 5 in Stealth
    47 | D        | Reached XP level 2. HP: 14/14 MP: 6/8
    47 | D        | Reached XP level 3. HP: 18/18 MP: 6/9
    51 | D        | Learned a level 2 spell: Ensorcelled Hibernation
    55 | D        | Learned a level 3 spell: Confuse
    59 | D        | Learned a level 3 spell: Dazzling Spray
   119 | D        | Noticed Crazy Yiuf
   122 | D        | Killed a yaktaur
   224 | D        | Killed Crazy Yiuf
   224 | D        | Reached skill level 5 in Dodging
   224 | D        | Reached skill level 6 in Stealth
   330 | D        | Killed a yaktaur
   428 | D        | Killed a white draconian scorcher
   460 | D        | Killed a white draconian scorcher
   645 | D        | Reached skill level 5 in Spellcasting
   645 | D        | Reached XP level 4. HP: 20/22 MP: 4/12
   652 | D        | Learned a level 3 spell: Tukima's Dance
   676 | D        | Gained mutation: You have a beak for a mouth. [potion of mutation]
   676 | D        | Gained mutation: You possess an exceptional clarity of mind. [potion of mutation]
   676 | D        | Gained mutation: You have a pair of small antennae on your head. [potion of mutation]
   677 | D        | Gained mutation: You are dopey. (Int -2) [potion of mutation]
   677 | D        | Gained mutation: You regenerate slowly when monsters are visible. [potion of mutation]
   716 | D        | Noticed a water elemental
   739 | D        | Killed a water elemental
   739 | D        | Reached skill level 7 in Stealth
   739 | D        | Reached skill level 1 in Conjurations
   739 | D        | Reached skill level 5 in Hexes
   739 | D        | Reached skill level 1 in Ice Magic
   829 | D        | Noticed a shadow
   853 | D        | Reached skill level 8 in Stealth
   853 | D        | Reached XP level 5. HP: 22/26 MP: 2/14
   863 | D        | Killed a shadow
   863 | D        | Reached skill level 5 in Short Blades
   863 | D        | Reached skill level 9 in Stealth
   863 | D        | Reached XP level 6. HP: 31/32 MP: 3/17
   968 | D        | Found an oddly glowing altar of Pakellas.
   968 | D        | Found a stormy altar of Qazlal.
   969 | D        | Noticed a spatial vortex
   969 | D        | Killed a spatial vortex
   970 | D        | Found a sacrificial altar of Ru.
   970 | D        | Found a burning altar of Makhleb.
   970 | D        | Found a viscous altar of Jiyva.
   970 | D        | Found a shimmering altar of Xom.
   970 | D        | Found a shadowy altar of Dithmenos.
   970 | D        | Found a sparkling altar of Nemelex Xobeh.
   970 | D        | Found a corrupted altar of Lugonu.
   970 | D        | Found an opulent altar of Gozag.
   974 | D        | Became a worshipper of Dithmenos the Shadowed
   999 | D        | Found a radiant altar of Vehumet.
  1000 | D        | Found a deep blue altar of Sif Muna.
  1000 | D        | Found an ancient bone altar of Kikubaaqudgha.
  1006 | D        | Noticed a neqoxec
  1006 | D        | Reached skill level 10 in Stealth
  1009 | D        | Lost mutation: You are dopey. (Int -2) [a neqoxec]
  1013 | D        | Reached * piety under Dithmenos
  1028 | D        | Learned a level 6 spell: Iron Shot
  1182 | D        | Found a glowing silver altar of Zin.
  1183 | D        | Found a glowing golden altar of the Shining One.
  1183 | D        | Found a white marble altar of Elyvilon.
  1183 | D        | Noticed a deep elf mage
  1185 | D        | Killed a deep elf mage
  1185 | D        | Reached skill level 10 in Dodging
  1185 | D        | Reached skill level 11 in Stealth
  1185 | D        | Reached skill level 1 in Earth Magic
  1185 | D        | Reached XP level 7. HP: 36/36 MP: 18/20
  1203 | D        | Found an iron altar of Okawaru.
  1204 | D        | Found a bloodstained altar of Trog.
  1204 | D        | Noticed a human
  1204 | D        | Noticed a human
  1206 | D        | Killed a human
  1207 | D        | Killed a human
  1207 | D        | Reached ** piety under Dithmenos
  1207 | D        | Reached XP level 8. HP: 42/42 MP: 22/22
  1221 | D        | Found a snail-covered altar of Cheibriados.
  1222 | D        | Found a basalt altar of Yredelemnul.
  1222 | D        | Found a blossoming altar of Fedhas.
  1332 | D        | Reached *** piety under Dithmenos
  1440 | D        | Reached skill level 12 in Stealth
  1447 | D        | Noticed Erolcha
  1449 | D        | Killed Erolcha
  1449 | D        | Reached skill level 10 in Spellcasting
  1449 | D        | Reached XP level 9. HP: 45/45 MP: 18/24
  1450 | D        | Reached **** piety under Dithmenos
  1450 | D        | Reached skill level 13 in Stealth
  1775 | D        | Learned a level 9 spell: Shatter
  1795 | D        | Reached ***** piety under Dithmenos
  2113 | D        | Reached ****** piety under Dithmenos
  2121 | D        | Reached skill level 14 in Stealth
  2191 | D        | Noticed a queen bee
  2281 | D        | Killed a queen bee
  2281 | D        | Reached skill level 5 in Fighting
  2281 | D        | Reached XP level 10. HP: 45/51 MP: 21/26
  2423 | D        | Reached skill level 10 in Short Blades
  2425 | D        | Reached skill level 5 in Armour
  2466 | D        | Noticed a spiny frog
  2466 | D        | Noticed a spiny frog
  2470 | D        | Killed a spiny frog
  2470 | D        | Reached skill level 5 in Ice Magic
  2472 | D        | Killed a spiny frog
  2480 | D        | Reached skill level 15 in Stealth
  2483 | D        | Reached skill level 5 in Earth Magic
  2493 | D        | Reached skill level 5 in Conjurations
  2496 | D        | Noticed a lindwurm
  2499 | D        | Killed a lindwurm
  2508 | D        | Noticed Maud
  2511 | D        | Killed Maud
  2511 | D        | Reached XP level 11. HP: 56/56 MP: 26/28
  2523 | D        | Noticed an eight-headed hydra
  2523 | D        | Noticed a six-headed hydra
  2526 | D        | Killed an eight-headed hydra
  2526 | D        | Reached skill level 16 in Stealth
  2527 | D        | Killed a six-headed hydra
  2527 | D        | Reached skill level 15 in Dodging
  2570 | D        | Noticed a death drake
  2573 | D        | Killed a death drake
  2580 | D        | Found a blossoming altar of Fedhas.
  2580 | D        | Noticed a spriggan druid
  2582 | D        | Killed a spriggan druid
  2608 | D        | Noticed an anaconda
  2609 | D        | Noticed an anaconda
  2609 | D        | Noticed an anaconda
  2610 | D        | Killed an anaconda
  2610 | D        | Reached skill level 10 in Hexes
  2615 | D        | Killed an anaconda
  2617 | D        | Killed an anaconda
  2617 | D        | Reached skill level 17 in Stealth
  2669 | D        | Noticed an anaconda
  2670 | D        | Noticed an anaconda
  2695 | D        | Killed an anaconda
  2697 | D        | Killed an anaconda
  2793 | D        | Noticed an anaconda
  2793 | D        | Noticed an anaconda
  2796 | D        | Killed an anaconda
  2796 | D        | Reached XP level 12. HP: 63/63 MP: 31/31
  2801 | D        | Killed an anaconda
  2823 | D        | Noticed a naga warrior
  2823 | D        | Noticed a greater naga
  2823 | D        | Found Uxierygoff's Food Shop.
  2823 | D        | Found Taix's Gadget Shoppe.
  2825 | D        | Reached skill level 18 in Stealth
  2826 | D        | Found Etsit's Antique Armour Boutique.
  2827 | D        | Killed a naga warrior
  2828 | D        | Killed a greater naga
  2847 | D        | Got a serpentine rune of Zot
  3011 | D        | Noticed Rupert
  3016 | D        | Killed Rupert
  3016 | D        | Reached skill level 15 in Spellcasting
  3022 | D        | Noticed a death yak
  3023 | D        | Noticed a death yak
  3024 | D        | Noticed an azure jelly
  3024 | D        | Noticed a death yak
  3024 | D        | Noticed an azure jelly
  3024 | D        | Noticed a death yak
  3025 | D        | Killed a death yak
  3025 | D        | Reached skill level 19 in Stealth
  3226 | D        | Killed a death yak
  3431 | D        | Killed a death yak
  3443 | D        | Killed a death yak
  3453 | D        | Reached XP level 13. HP: 43/68 MP: 10/33
  3574 | D        | Noticed a kraken
  3799 | D        | Killed a kraken
  3921 | D        | Found Buixonk's Antique Armour Shop.
  3921 | D        | Found Dicasaga's Jewellery Boutique.
  3921 | D        | Found Udukhit's Distillery.
  3930 | D        | Got a barnacled rune of Zot
  3980 | D        | Noticed an azure jelly
  3980 | D        | Noticed an azure jelly
  3981 | D        | Noticed a dire elephant
  3981 | D        | Noticed a dire elephant
  3981 | D        | Noticed Gastronok
  4007 | D        | Killed Gastronok
  4007 | D        | Reached skill level 20 in Stealth
  4031 | D        | Demolished by a dire elephant

Vault maps used:
D:        dungeon_sprint_mu

Skill      XL: |  1  2  3  4  5  6  7  8  9 10 11 12 13 |
---------------+----------------------------------------+-----
Spellcasting   | 4 5 6 7 8 9 10 11 12 14 15 16 | 16.2
Fighting       | 1 2 3 4 5 7 8 |  8.2
Short Blades   | 2 3 4 5 7 8 9 11 12 14 | 14.6
Armour         | 1 2 3 4 5 6 7 |  7.7
Dodging        | 4 5 6 8 10 11 13 14 16 18 | 18.7
Stealth        | 5 6 8 9 11 12 14 15 17 19 20 | 20.0
Hexes          | 4 5 6 7 8 9 10 11 12 | 12.1
Conjurations   | 1 2 3 4 5 6 7 |  7.5
Ice Magic      | 1 2 3 4 5 6 7 8 |  8.2
Earth Magic    | 1 2 3 4 5 6 7 8 |  8.5
Invocations    | 2 3 4 |  4.0

Action                   |  1- 3 |  4- 6 |  7- 9 | 10-12 | 13-15 || total
-------------------------+-------+-------+-------+-------+-------++-------
Melee: Dagger            |    21 |    22 |    53 |    90 |    41 ||   227
       Peck              |       |     1 |     3 |     5 |    16 ||    25
 Cast: Ensorcelled Hiber |    15 |       |    51 |    23 |     8 ||    97
       Dazzling Spray    |     2 |     9 |    13 |    24 |    13 ||    61
       Corona            |     1 |       |       |       |       ||     1
       Tukima's Dance    |       |       |     3 |       |       ||     3
Invok: Shadow Step       |       |       |       |    13 |     2 ||    15
  Use: Potion            |       |     5 |     1 |       |     2 ||     8
       Scroll            |       |     2 |       |       |       ||     2
 Stab: Sleeping          |     4 |     2 |    29 |    56 |     7 ||    98
       Invisible         |     1 |     1 |     1 |     6 |       ||     9
  Eat: Bread ration      |       |       |     1 |       |       ||     1
Armor: Robe              |     1 |     3 |     6 |     1 |       ||    11
Dodge: Dodged            |    14 |    28 |    93 |    61 |    28 ||   224
